 Dungeon Crawl Stone Soup version 0.17.0-26-gececa24 (webtiles) character file.

49 Raultor the Changer (level 3, -1/23 HPs)
             Began as an Octopode Transmuter on Nov 19, 2015.
             Slain by a gnoll (9 damage)
             ... on level 2 of the Dungeon.
             The game lasted 00:03:14 (1238 turns).

Raultor the Changer (Octopode Transmuter)           Turns: 1238, Time: 00:03:14

Health: -1/23      AC:  1    Str: 10    XL:     3   Next: 75%
Magic:  2/6        EV: 12    Int: 15    God:
Gold:   66         SH:  0    Dex: 12    Spells: 2 memorised, 2 levels left

rFire  . . .     SeeInvis .       - Unarmed
rCold  . . .     Clarity  .     (no shield)
rNeg   . . .     SustAt   .     (helmet restricted)
rPois  .         Gourm    .     (no amulet)
rElec  .         Spirit   .     (no ring)
rCorr  .         Warding  .     (no ring)
rMut   .         Stasis   .     (no ring)
MR     .....                    (no ring)
Stlth  ++........               (no ring)
                                (no ring)
                                (no ring)
                                (no ring)

@: appendage, very slightly contaminated, not resistant to hostile enchantments,
unstealthy
A: almost no armour, amphibious, 8 rings, constrict 8, tentacle spike 3,
camouflage 1, gelatinous body 1
a: End Transformation


You were on level 2 of the Dungeon.
You were not hungry.
One of your tentacles had a temporary spike.
You visited 1 branch of the dungeon, and saw 2 of its levels.

You collected 66 gold pieces.

Inventory:

Missiles
 a - 30 arrows
 j - 4 stones (quivered)
Scrolls
 d - a scroll of identify {unknown}
 e - a scroll of enchant weapon {unknown}
Potions
 i - a potion of invisibility
 k - a potion of heal wounds {unknown}
 m - a potion of agility {unknown}
Books
 b - a book of Changes

   Spells                             Type                      Level
   a - Beastly Appendage              Transmutation                1
   b - Sticks to Snakes               Transmutation                2
   c - Spider Form                    Transmutation/Poison         3
   d - Ice Form                       Ice/Transmutation            4
   e - Blade Hands                    Transmutation                5
Comestibles
 c - a bread ration
 f - a royal jelly
 g - 4 fruits
 h - a chunk of flesh


   Skills:
 - Level 1.0 Fighting
 - Level 2.0 Dodging
 - Level 3.0 Unarmed Combat
 - Level 2.0 Spellcasting
 + Level 4.0 Transmutations


You had 2 spell levels left.
You knew the following spells:

 Your Spells              Type           Power        Failure   Level  Hunger
a - Beastly Appendage     Trmt           ##....       4%          1    #......
b - Spider Form           Trmt/Pois      #.........   30%         3    ###....


Dungeon Overview and Level Annotations

Branches:
Dungeon (2/15)

Altars:


Innate Abilities, Weirdness & Mutations

You cannot wear most types of armour.
You are amphibious.
You can wear up to eight rings at the same time.
You can use your tentacles to constrict eight enemies at once.
Your skin changes colour to match your surroundings (Stealth).
Your rubbery body absorbs attacks (AC +1).
One of your tentacles bears a large vicious spike.


Message History

Your tentacle spike misses the gnoll.
The gnoll is lightly wounded.
The gnoll barely misses you.
You tentacle-slap the gnoll. You grab the gnoll.
The gnoll is moderately wounded.
You constrict the gnoll, but do no damage.
The gnoll hits you with a spear.
You tentacle-slap the gnoll.
You squeeze the gnoll, but do no damage.
The gnoll is severely wounded.
You constrict the gnoll. The gnoll closely misses you.
The gnoll shouts!
You tentacle-slap the gnoll.
You kill the gnoll!
Your Transmutations skill increases to level 4!
You barely miss the gnoll. Your grab misses the gnoll.
You pierce the gnoll, but do no damage.
You squeeze the gnoll.
The gnoll is lightly wounded.
The gnoll hits you!
You die...

..######.......
#............. .#
..<...#..# #.# .#
)...#.#..###.# .# #
.............# ##.##.
.....g$..###.# #...> .
)........# #.# #..# ...
.........###.####..#.....
..........#...gg@....#
....##..#....#####.#....#
....##....#..# .# #.#
.#..##.####.........
##..##.# #..........
..##. #.######.##. ....
..# .# .. ## .#.. .. .#
####


You could see 2 gnolls.

Vanquished Creatures
  An adder (D:2)
  A gnoll (D:2)
  A worm (D:2)
  6 bats
  5 goblins
  A hobgoblin (D:1)
  3 kobolds (D:1)
  2 giant geckos (D:1)
  2 giant newts (D:1)
  4 rats
26 creatures vanquished.

Notes
Turn   | Place    | Note
--------------------------------------------------------------
     0 | D:1      | Raultor the Octopode Transmuter began the quest for the Orb.
     0 | D:1      | Reached XP level 1. HP: 13/13 MP: 3/3
   439 | D:1      | Reached XP level 2. HP: 18/18 MP: 5/5
  1038 | D:2      | Reached XP level 3. HP: 21/23 MP: 4/6
  1043 | D:2      | Learned a level 3 spell: Spider Form
  1237 | D:2      | Reached skill level 4 in Transmutations
  1238 | D:2      | Slain by a gnoll

Action                   || total
-------------------------++-------
Melee: Unarmed           ||    75
 Cast: Beastly Appendage ||     7
  Use: Potion            ||     2
 Stab: Sleeping          ||     3
       Invisible         ||     1
  Eat: Chunk             ||     1
